Map: Autômato LE

Players

DakkoN - Winner!

  • Race: Protoss Protoss
  • League: Master
  • Spawn Location: 3:00

ReMy

  • Race: Zerg Zerg
  • League: Master
  • Spawn Location: 9:00

VOD

Have the link to the VOD?

Description

Time

  • Played on: April 10, 2019, 7:37 p.m.
  • Length: 7:18
Show
View Real Time Build Order
Export as new Build Order

DakkoN Protoss - Winner!

Build Orders: 1 Gate Expand, Zealot Archon, Archon Drop 

Get SALT Encoding   

  12  0:00  Probe  
  13  0:12  Probe  
  14  0:24  Probe, Pylon  
  15  0:39  Probe  
  16  0:47  Probe  
  16  0:54  Gateway  
  16  0:57  Probe  
  17  1:00  Assimilator  
  19  1:11  Probe  
  19  1:26  Nexus  
  19  1:38  Probe  
  20  1:43  Cybernetics Core  
  20  1:46  Probe  
  20  1:52  Pylon  
  21  1:54  Probe  
  21  2:00  Assimilator  
  22  2:05  Probe  
  23  2:17  Probe  
  24  2:23  Warp Gate  
  24  2:24  Stalker  
  24  2:25  Probe  
  27  2:37  Probe  
  27  2:42  Probe  
  27  2:45  Probe  
  29  2:53  Gateway  
  29  2:54  Probe, Shield Battery  
  29  2:57  Adept  
  32  3:03  Twilight Council  
  32  3:05  Probe  
  33  3:10  Probe  
  34  3:19  Robotics Facility  
  34  3:22  Probe  
  34  3:25  Probe  
  36  3:30  Probe  
  36  3:32  Charge  
  37  3:37  Probe  
  37  3:39  Probe  
  38  3:47  Probe  
  39  3:49  Probe  
  41  4:01  Probe  
  42  4:10  Probe  
  42  4:12  Warp Prism  
  42  4:14  Probe  
  44  4:17  Templar Archives  
  44  4:18  Gateway  
  44  4:20  Gateway  
  44  4:21  Gateway  
  44  4:22  Gateway  
  44  4:26  Pylon  
  44  4:27  Sentry  
  44  4:30  Assimilator  
  46  4:32  Assimilator  
  46  4:36  Pylon  
  46  4:37  Pylon  
  46  4:44  Probe x2  
  48  4:46  Pylon  
  48  5:08  Gateway  
  48  5:09  Gateway  
  48  5:14  Gateway  
  48  5:23  High Templar x2  
  48  5:24  Zealot  
  54  5:33  Zealot x2  
  54  5:34  Zealot  
  60  5:38  Pylon x3  
  60  5:40  Probe x2  
  62  5:45  Archon  
  62  5:48  Zealot  
  62  5:58  High Templar x2  
  62  6:00  High Templar  
  62  6:01  Zealot x2  
  62  6:02  Archon  
  72  6:04  Zealot  
  72  6:05  Zealot  
  72  6:08  Forge  
  72  6:10  High Templar  
  78  6:11  Zealot  
  78  6:14  Archon  
  80  6:30  Warp Prism  
  82  6:38  High Templar x2  
  82  6:39  Zealot x5  
  96  6:40  Zealot  
  96  6:42  Archon  
  96  6:47  Pylon x2  
  98  7:12  Zealot  
Show
View Real Time Build Order
Export as new Build Order

ReMy Zerg 

Build Orders: Hatch First 

Get SALT Encoding   

  12  0:01  Drone  
  13  0:13  Overlord  
  13  0:19  Drone  
  14  0:31  Drone x2  
  16  0:35  Drone  
  17  0:56  Hatchery  
  16  0:59  Drone  
  16  1:02  Drone  
  17  1:18  Spawning Pool  
  17  1:23  Drone  
  17  1:25  Drone  
  18  1:30  Extractor  
  17  1:35  Drone  
  18  1:41  Drone  
  19  1:55  Drone  
  19  2:00  Overlord  
  20  2:05  Queen  
  22  2:11  Zergling x2  
  22  2:14  Queen  
  25  2:20  Zergling x2  
  25  2:22  Zergling x2  
  27  2:26  Drone  
  28  2:31  Drone  
  28  2:33  Drone  
  30  2:39  Metabolic Boost  
  30  2:45  Extractor  
  29  2:54  Drone x3  
  32  3:06  Lair  
  32  3:10  Drone x2  
  32  3:11  Drone  
  35  3:19  Drone  
  36  3:20  Overlord  
  36  3:29  Extractor  
  36  3:31  Drone  
  36  3:40  Drone x6  
  42  3:55  Zergling x4  
  44  4:02  Hatchery  
  43  4:10  Drone  
  42  4:18  Overlord  
  42  4:19  Overlord  
  42  4:21  Overseer  
  42  4:24  Zergling x2  
  42  4:30  Extractor  
  42  4:33  Drone  
  43  4:43  Zergling x2  
  43  4:45  Spire  
  43  4:50  Drone x10  
  53  5:08  Zergling x2  
  53  5:09  Zergling x6  
  57  5:20  Zergling x2  
  58  5:21  Zergling x12  
  64  5:35  Queen  
  66  5:56  Mutalisk  
  66  5:57  Overlord x4  
  66  6:03  Spore Crawler, Mutalisk, Extractor  
  65  6:04  Mutalisk, Extractor  
  65  6:09  Overlord  
  65  6:10  Overlord  
  69  6:14  Mutalisk x3  
  69  6:15  Mutalisk  
  69  6:16  Mutalisk x2  
  81  6:23  Mutalisk x2  
  81  6:24  Mutalisk  
  87  6:35  Mutalisk  
  87  6:36  Mutalisk x2  
Tags
 
Add a new tag
Caveats
  • Supply blocks, unpowered buildings, or Contaminate may cause inaccurate times.
  • Supply counts are checked every 10 seconds.